 Dungeon Crawl Stone Soup version 0.30-a0-782-ge64f9170bb (webtiles) character file.

Game seed: 16669370480167299223

56 Drevant2 the Poker (level 3, 0/27 HPs)
             Began as a Merfolk Gladiator on Feb 27, 2023.
             Slain by a goblin
             ... wielding a +0 club
             ... led by Robin
              (4 damage)
             ... on level 1 of the Dungeon.
             The game lasted 00:01:10 (941 turns).

Drevant2 the Poker (Merfolk Gladiator)               Turns: 941, Time: 00:01:11

Health: 0/27       AC:  4    Str: 14    XL:     3   Next: 95%
Magic:  3/3        EV: 13    Int:  7    God:
Gold:   29         SH:  0    Dex: 17    Spells: 2/2 levels left

rFire   . . .      SeeInvis .    a - +0 trident
rCold   . . .      Faith    .    (no shield)
rNeg    . . .      Spirit   .    b - +0 leather armour
rPois   .          Reflect  .    c - +0 helmet
rElec   .          Harm     .    (no cloak)
rCorr   .          Rampage  .    (no gloves)
Will    .....                    (no boots)
Stlth   +                        (no amulet)
HPRegen 0.24/turn                (no ring)
MPRegen 0.08/turn                (no ring)

@: no status effects
A: (nimble swimmer 2), mertail
a: no special abilities


You were on level 1 of the Dungeon.
You visited 1 branch of the dungeon, and saw 2 of its levels.

You collected 29 gold pieces.

Inventory:

Hand Weapons
 a - a +0 trident (weapon)
Missiles
 d - 3 throwing nets (quivered)
 e - a javelin
Armour
 b - a +0 leather armour (worn)
 c - a +0 helmet (worn)
Scrolls
 g - a scroll of noise {unknown}
Potions
 f - a potion of might {unknown}


   Skills:
 - Level 2.1 Fighting
 + Level 6.3 Polearms
 - Level 2.0 Throwing
 - Level 4.0 Dodging


You had 2 spell levels left.
You didn't know any spells.
Your spell library was empty.

Dungeon Overview and Level Annotations

Branches:
Dungeon (2/15)

Altars:

Annotations:
D:2 Robin


Innate Abilities, Weirdness & Mutations

((You are very nimble when in or above water. (Stealth+, EV+, Speed+++)))
Your lower body shifts to a powerful aquatic tail in water.


Message History

You kill the goblin!
The jackal closely misses you.
The jackal bites you but does no damage.
The goblin no longer looks unusually strong.
The jackal bites you.
* * * LOW HITPOINT WARNING * * *
Things that are here:
a +0 dagger; a +0 dagger; a goblin corpse You puncture the jackal!
You kill the jackal!
You closely miss the hobgoblin.
The hobgoblin no longer looks unusually strong.
The hobgoblin barely misses you.
You hit the hobgoblin but do no damage. The hobgoblin hits you.
* * * LOW HITPOINT WARNING * * *
You puncture the hobgoblin!
You kill the hobgoblin!
The goblin no longer looks unusually strong.
You hit the goblin.
The goblin is severely wounded.
The goblin hits you with a +0 club.
* * * LOW HITPOINT WARNING * * *
You miss the goblin.
The goblin is severely wounded.
You closely miss the goblin. The goblin completely misses you.
The goblin barely misses you.
You closely miss the goblin. The goblin hits you but does no damage.
The goblin hits you with a +0 club.
* * * LOW HITPOINT WARNING * * *
You hit the goblin but do no damage.
The goblin is severely wounded.
The goblin barely misses you. The goblin completely misses you.
You hit the goblin.
You kill the goblin!
The goblin hits you with a +0 club.
* * * LOW HITPOINT WARNING * * *
You hit the goblin.
The goblin is moderately wounded.
The goblin hits you with a +0 club.
You die...

#.#.##.# #.......#.)#..........
#.#..#.####.....##...#.##.......
#.##............##........######
#......####.######...####.# #
#......####.# ##.#####.# #
####.....##)#######.......# #
##...............####### #
#.##.##..##.##.## ###
#........##@##.# #..
#.##......g)##.# ########.#
#.#####..#####.# #........#
#.#####..#####.# #.#####...
#..............# #.# #..#
################ #)# #... #.#
#... #.# ##.# #.# #..


You could see a goblin.

Vanquished Creatures
  A gnoll (D:1)
  3 bats (D:1)
  4 endoplasms (D:1)
  A giant cockroach (D:1)
  8 goblins (D:1)
  3 hobgoblins (D:1)
  9 jackals (D:1)
  A kobold (D:1)
  A quokka (D:1)
  A ball python (D:1)
  6 rats (D:1)
38 creatures vanquished.

Notes
Turn   | Place    | Note
-------+----------+-------------------------------------------
     0 | D:1      | Drevant2 the Merfolk Gladiator began the quest for the Orb.
     0 | D:1      | Reached XP level 1. HP: 16/16 MP: 1/1
   150 | D:1      | Reached XP level 2. HP: 15/22 MP: 2/2
   220 | D:1      | Reached skill level 5 in Polearms
   364 | D:1      | Reached XP level 3. HP: 27/27 MP: 3/3
   695 | D:1      | Reached skill level 6 in Polearms
   908 | D:2      | Noticed Robin
   941 | D:1      | Slain by a goblin

Illustrated notes

Levels and vault maps discovered:
D:1:      dpeg_arrival_boxes_within_box, layout_loops_cross, serial_forest,
          infiniplex_forest_straight_5, infiniplex_forest_diagonal,
          infiniplex_forest_lined_corner, infiniplex_forest_straight_5
D:2:      layout_loops_ring, minmay_lizard_king, uniq_robin, uniq_jessica

Skill      XL: |  1  2  3 |
---------------+----------+-----
Polearms       | 5 6 |  6.3
Fighting       | |  2.1
Throwing       | |  2.0
Dodging        | |  4.0

Action                     || total
---------------------------++-------
  Melee: Trident           ||   103
   Stab: Sleeping          ||     1
 Armour: Leather armour    ||    39
  Dodge: Dodged            ||    81

Table legend: (Time is in decaauts)
 A = Elapsed time spent in this place.
 B = Non-inter-level travel time spent in this place.
 C = Inter-level travel time spent in this place.
 D = Time resting spent in this place.
 E = Time spent auto-exploring this place.
 F = Levels seen in this place.
 G = Mean time per level.
                   A        B        C        D        E       F      G
               +--------+--------+--------+--------+--------+-----+--------+
         Total |    946 |    872 |     74 |     12 |    686 |   2 |  473.0 |
       Dungeon |    946 |    872 |     74 |     12 |    686 |   2 |  473.0 |
               +--------+--------+--------+--------+--------+-----+--------+

Top non-repeatable levels by time:
     D:1: 941 daAuts
     D:2: 5 daAuts
